 Dungeon Crawl Stone Soup version 0.29.1-2-gbd0b4ee654 (webtiles) character file.

Game seed: 18443328839915860904

536 GorkyZ the Trooper (level 7, -1/58 (79) HPs)
             Began as a Demonspawn Fighter on Nov 19, 2022.
             Was a Priest of Trog.
             Slain by Duvessa
             ... wielding a +2 short sword of draining
              (2 damage)
             ... on level 4 of the Dungeon.
             The game lasted 00:13:34 (4393 turns).

GorkyZ the Trooper (Demonspawn Fighter)             Turns: 4393, Time: 00:13:36

HP:   -1/58 (79)    AC: 11    Str: 18    XL:     7   Next: 4%
MP:   7/7           EV:  6    Int: 10    God:    Trog [***...]
Gold: 162           SH:  5    Dex: 12    Spells: 6/6 levels left

rFire   . . .      SeeInvis .   a - +0 war axe
rCold   . . .      Faith    .   c - +0 buckler
rNeg    . . .      Spirit   .   k - +0 chain mail
rPois   +          Reflect  .   (helmet unavailable)
rElec   .          Harm     .   (no cloak)
rCorr   .          Rampage  .   (no gloves)
Will    ++...                   (no boots)
Stlth   ..........              (no amulet)
HPRegen 1.19/turn               l - ring of poison resistance
MPRegen 0.10/turn               (no ring)

@: berserking, strong-willed, regenerating, very heavily drained, very quick
A: horns 3, molten scales 1, condensation shield
a: Renounce Religion, Berserk, Trog's Hand


You were on level 4 of the Dungeon.
You worshipped Trog.
Trog was most pleased with you.
You visited 1 branch of the dungeon, and saw 4 of its levels.
You also visited: Sewer.

You collected 162 gold pieces.

Inventory:

Hand Weapons
 a - a +0 war axe (weapon)
Missiles
 p - a throwing net (quivered)
 q - 6 curare-tipped darts
 s - 2 poisoned darts
Armour
 b - a +0 scale mail
 c - a +0 buckler (worn)
 k - a +0 chain mail (worn)
Jewellery
 l - a ring of poison resistance (left hand)
 x - an amulet of regeneration
Wands
 u - a wand of charming (14)
Scrolls
 f - a scroll of noise {unknown}
 i - a scroll of blinking
 m - 2 scrolls of acquirement {unknown}
 n - 3 scrolls of identify {unknown}
 o - a scroll of immolation {unknown}
 r - a scroll of magic mapping {unknown}
 t - a scroll of teleportation {unknown}
Potions
 d - 2 potions of might
 e - 3 potions of haste {unknown}
 g - 2 potions of invisibility {unknown}
 h - 2 potions of degeneration {unknown}
 j - 4 potions of curing {unknown}
 v - a potion of attraction {unknown}
 w - a potion of lignification {unknown}


   Skills:
 - Level 3.9 Fighting
 + Level 3.2 Axes
 + Level 2.3 Throwing
 + Level 3.9 Armour
 + Level 3.9 Shields
 + Level 0.7 Invocations
 + Level 2.8 Evocations


You had 6 spell levels left.
You didn't know any spells.
Your spell library contained the following spells:

 Spells                   Type           Power      Damage    Failure   Level
 Static Discharge         Conj/Air       0%         3-3/arc   100%        2
 Lightning Bolt           Conj/Air       0%         1d11      100%        5
 Maxwell's Capacitive Co  Air            0%         ∞         100%        8


Dungeon Overview and Level Annotations

Branches:
Dungeon (4/15)              Sewer (visited)
 Temple: D:4-7

Altars:
Trog

Shops:
D:3 (   D:4 *

Annotations:
D:4 Duvessa


Innate Abilities, Weirdness & Mutations

You have a pair of large horns on your head.
You are partially covered in molten scales. (AC +2)
A meltable shield of frost defends you. (SH +0)


Message History

Duvessa is heavily wounded.
You hit Dowan.
Duvessa hits you with a +2 short sword of draining.
You feel drained. Dowan hits you but does no damage.
Your skin crawls.
You feel strong-willed. Duvessa closely misses you. You block Dowan's attack.
You hit Duvessa.
Duvessa is heavily wounded.
You slash Dowan! Duvessa hits you but does no damage.
You feel drained. Dowan hits you with a +0 dagger. x2
Duvessa hits you with a +2 short sword of draining!
You feel drained.
* * * LOW HITPOINT WARNING * * *
A red film seems to cover your vision as you go berserk!
You feel yourself moving faster!
You feel mighty! You block Duvessa's attack.
Dowan points at you and mumbles some strange words.
The puff of flame hits you but does no damage.
Your condensation shield dissipates!
You closely miss Duvessa. Your headbutt misses Duvessa.
Duvessa is heavily wounded.
You slash Dowan!
You kill Dowan!
Trog accepts your kill.
Trog appreciates your killing of a magic user.
Duvessa weeps, and shakes her weapon.
Duvessa goes berserk!
You block Duvessa's attack.
You have reached level 7!
You slash Duvessa! Your headbutt misses Duvessa.
Duvessa is severely wounded.
Duvessa hits you with a +2 short sword of draining!
* * * LOW HITPOINT WARNING * * *
You feel drained.
You barely miss Duvessa.
Duvessa is severely wounded.
You slash the worm! Duvessa hits you but does no damage.
You feel drained.
Duvessa hits you with a +2 short sword of draining!
* * * LOW HITPOINT WARNING * * *
You feel drained.
You die...

..# #... ..# #...
#################..#
#... ....#...#........#
#### ....#...#........+
#>.. ....#...#........#
#... ....#...'........#
#... ....#...#........#
#... ....#...#.......@#
####
....#...#.......ew.....#
....#...'........#....##
....#...#........#.....#
.†..###'#........# .....
.................# ...#.
####.............# ..#
#.............# ..#
#............


You could see Duvessa (berserk) and a worm.

Vanquished Creatures
  2 bullfrogs (Sewer)
  Dowan (D:4)
  3 hounds (D:4)
  Ijyb (D:3)
  6 gnolls (D:2)
  6 adders
  3 worms
  4 dart slugs
  11 orcs
  5 bats
  10 endoplasms
  6 giant cockroaches
  5 hobgoblins
  6 jackals
  6 quokkas
  17 ball pythons
  3 frilled lizards (Sewer)
  5 goblins
  7 kobolds
  4 rats
111 creatures vanquished.

Notes
Turn   | Place    | Note
-------+----------+-------------------------------------------
     0 | D:1      | GorkyZ the Demonspawn Fighter began the quest for the Orb.
     0 | D:1      | Reached XP level 1. HP: 18/18 MP: 1/1
   121 | D:1      | Found a faded altar of an unknown god.
   311 | D:1      | Prayed at the altar of an unknown god.
   311 | D:1      | Became a worshipper of Trog the Wrathful
   311 | D:1      | Reached * piety under Trog
   373 | D:1      | Gained mutation: You are partially covered in molten
                  | scales. (AC +2) [demonic ancestry]
   373 | D:1      | Reached XP level 2. HP: 15/24 MP: 2/2
  1300 | D:2      | Reached skill level 1 in Evocations
  1300 | D:2      | Gained mutation: You have a pair of small horns on your
                  | head. [demonic ancestry]
  1300 | D:2      | Reached XP level 3. HP: 29/29 MP: 3/3
  1658 | D:2      | Reached ** piety under Trog
  1827 | D:2      | Reached skill level 1 in Throwing
  1827 | D:2      | Gained mutation: You have a pair of horns on your head.
                  | [demonic ancestry]
  1827 | D:2      | Reached XP level 4. HP: 32/35 MP: 4/4
  2600 | D:3      | Found a glowing drain.
  2608 | D:3      | Gained mutation: You have a pair of large horns on your
                  | head. [demonic ancestry]
  2608 | D:3      | Reached XP level 5. HP: 39/41 MP: 5/5
  2616 | Sewer    | Entered a sewer
  2843 | Sewer    | Gained mutation: A meltable shield of frost defends you.
                  | (SH +0) [demonic ancestry]
  2843 | Sewer    | Reached XP level 6. HP: 6/48 MP: 6/6
  3170 | D:3      | Found Kungyll's Antique Weapon Shop.
  3376 | D:3      | Noticed Ijyb
  3384 | D:3      | Killed Ijyb
  3496 | D:3      | Reached *** piety under Trog
  4330 | D:4      | Found Lofuafarph's Assorted Antiques.
  4375 | D:4      | Noticed Dowan
  4376 | D:4      | Noticed Duvessa
  4391 | D:4      | Killed Dowan
  4392 | D:4      | Reached XP level 7. HP: 18/44 MP: 7/7
  4393 | D:4      | HP: 1/61 [Duvessa/+2 short sword of draining (11)]
  4393 | D:4      | Slain by Duvessa

Illustrated notes

Levels and vault maps discovered:
D:1:      wheals_arrival_linesprint, layout_basic,
          hellmonk_ecumenical_altar_crossroads
D:2:      layout_loops_cross
D:3:      layout_basic, serial_shops, nicolae_lakefront_shop,
          cheibrodos_sewer_entry_sluice, uniq_ijyb
D:4:      layout_gridville, serial_shops, nicolae_diamond_shop,
          kennysheep_generic_room_3, uniq_duvessa

Skill      XL: |  1  2  3  4  5  6 |
---------------+-------------------+-----
Axes           | 2 3 |  3.2
Shields        | 3 |  3.9
Evocations     | 1 2 |  2.8
Armour         | 3 |  3.9
Throwing       | 1 2 |  2.3
Fighting       | |  3.9
Invocations    | |  0.7

Action                   |  1- 3 |  4- 6 |  7- 9 || total
-------------------------+-------+-------+-------++-------
Melee: War axe           |    93 |   170 |     2 ||   265
       Headbutt          |     4 |    25 |       ||    29
Invok: Berserk           |       |     2 |       ||     2
       Trog's Hand       |       |     1 |       ||     1
  Use: Scroll            |       |     1 |       ||     1
Armor: Scale mail        |    18 |       |       ||    18
       Chain mail        |    47 |   122 |     1 ||   170
Dodge: Dodged            |    36 |    56 |       ||    92
Block: Buckler           |    18 |    66 |       ||    84
